 Dungeon Crawl Stone Soup version 0.20-a0-858-g654850e (webtiles) character file.

165 Denreik the Stinger (level 5, -3/38 HPs)
             Began as a Draconian Venom Mage on Mar 12, 2017.
             Was a Follower of Elyvilon.
             Slain by a centaur (9 damage)
             ... on level 5 of the Dungeon.
             The game lasted 00:18:10 (2163 turns).

Denreik the Stinger (Draconian Venom Mage)          Turns: 2163, Time: 00:18:10

Health: -3/38      AC:  6    Str: 10    XL:     5   Next: 21%
Magic:  3/8        EV: 12    Int: 16    God:    Elyvilon [*.....]
Gold:   121        SH:  0    Dex: 12    Spells: 5/8 levels left

rFire    . . .     SeeInvis .   y - +0 trident
rCold    . . .     Gourm    .   (armour unavailable)
rNeg     + . .     Faith    .   (no shield)
rPois    .         Spirit   .   (helmet restricted)
rElec    .         Reflect  .   k - +0 cloak
rCorr    .         Harm     .   (no gloves)
MR       .....                  (no boots)
Stlth    ++........             (no amulet)
Regen    0.2/turn               (no ring)
MPRegen  0.2/turn               h - ring of positive energy

@: very slightly contaminated
A: unfitting armour, cold-blooded, AC +5
a: Lesser Healing, Divine Protection, Renounce Religion


You were on level 5 of the Dungeon.
You worshipped Elyvilon.
Elyvilon was aware of your devotion.
You were not hungry.

You visited 2 branches of the dungeon, and saw 6 of its levels.

You collected 121 gold pieces.

Inventory:

Hand Weapons
 c - a +0 hand axe
 j - a +0 morningstar
 o - a +0 falchion
 w - a +0 flail
 y - a +0 trident (weapon)
Armour
 k - a +0 cloak (worn)
Jewellery
 h - a ring of positive energy (left hand)
Wands
 x - a wand of confusion (36/48)
Scrolls
 f - 4 scrolls of identify {unknown}
 g - 2 scrolls of remove curse {unknown}
 i - 2 scrolls of enchant armour {unknown}
 m - a scroll of fog {unknown}
 p - a scroll of enchant weapon {unknown}
 v - a scroll of amnesia {unknown}
Potions
 d - 3 potions of mutation {unknown}
 e - a potion of berserk rage {unknown}
 l - a potion of invisibility {unknown}
 n - a potion of agility {unknown}
 q - a potion of heal wounds {unknown}
 r - a potion of curing {unknown}
 t - a potion of lignification {unknown}
 u - a potion of magic {unknown}
Books
 a - a Young Poisoner's Handbook

   Spells                             Type                      Level
   a - Sting                          Conjuration/Poison           1
   b - Poisonous Vapours              Poison/Air                   2
   c - Mephitic Cloud                 Conjuration/Poison/Air       3
   d - Olgreb's Toxic Radiance        Poison                       4
   e - Venom Bolt                     Conjuration/Poison           5
Comestibles
 b - a bread ration
 s - 2 meat rations
 z - 2 chunks of flesh


   Skills:
 - Level 1.7 Dodging
 - Level 1.7 Stealth
 - Level 2.0 Spellcasting
 - Level 1.0 Conjurations
 * Level 6.0 Poison Magic


You had 5 spell levels left.
You knew the following spells:

 Your Spells              Type           Power        Failure   Level  Hunger
a - Sting                 Conj/Pois      ##..         6%          1    #......
b - Poisonous Vapours     Pois/Air       ##....       10%         2    ###....


Dungeon Overview and Level Annotations

Branches:
Dungeon (5/15)             Temple (1/1) D:4

Altars:
Cheibriados
Dithmenos
Elyvilon
Fedhas
Gozag
Hepliaklqana
Kikubaaqudgha
Makhleb
Nemelex Xobeh
Okawaru
Ru
Sif Muna
Vehumet
Xom
Zin

Annotations:
D:5 Pikel


Innate Abilities, Weirdness & Mutations

Your plain brown scales are hard. (AC +5)
You cannot fit into any form of body armour.
You are cold-blooded and may be slowed by cold attacks.


Message History

The centaur wields a shortbow.
The centaur shoots an arrow.
The arrow barely misses you.
The centaur unwields an uncursed shortbow.
The centaur hits you.
* * * LOW HITPOINT WARNING * * *
The centaur hits you but does no damage.
You hit the centaur.
The centaur is moderately wounded.
The centaur hits you.
* * * LOW HITPOINT WARNING * * *
The centaur barely misses you.
You closely miss the centaur.
The centaur is moderately wounded.
The centaur hits you but does no damage.
The centaur closely misses you.
You hit the centaur.
The centaur is heavily wounded.
Your divine protection fades away.
The centaur hits you!
You die...

#.. #.# #.####
#.....
########....#
######............
#...ac[........#.#
#c####.........#.#
#@# #.........(..
#.# #.......##..#
#.# #....(..##..#
#.# #.......##...
#.# ###...####...
#.# ............
#(# ##...###.#..
#.# #.... #.#
#..#.


You could see a centaur.

Vanquished Creatures
  A bullfrog zombie (D:5)
  An iguana (D:4)
  2 worker ants
  A hound zombie (D:5)
  An adder (D:4)
  A worm (D:4)
  A leopard gecko (D:3)
  2 orcs
  3 bats
  6 goblins
  5 hobgoblins
  6 kobolds
  A quokka skeleton (D:5)
31 creatures vanquished.

Notes
Turn   | Place    | Note
-------+----------+-------------------------------------------
     0 | D:1      | Denreik the Draconian Venom Mage began the quest for the Orb.
     0 | D:1      | Reached XP level 1. HP: 14/14 MP: 3/3
   300 | D:1      | Reached XP level 2. HP: 18/20 MP: 1/5
   390 | D:1      | Learned a level 2 spell: Poisonous Vapours
   657 | D:3      | Reached skill level 4 in Poison Magic
   776 | D:3      | Found a glowing silver altar of Zin.
  1018 | D:3      | Reached XP level 3. HP: 26/26 MP: 6/6
  1179 | D:4      | Reached skill level 5 in Poison Magic
  1179 | D:4      | Reached XP level 4. HP: 8/33 MP: 1/7
  1433 | D:4      | Found a staircase to the Ecumenical Temple.
  1443 | Temple   | Entered the Ecumenical Temple
  1542 | Temple   | Became a worshipper of Elyvilon the Healer
  1718 | D:4      | Found a shadowy altar of Dithmenos.
  1760 | D:4      | Reached * piety under Elyvilon
  1764 | D:4      | Found a shimmering altar of Xom.
  1773 | D:4      | Found a sacrificial altar of Ru.
  1776 | D:4      | Found a hazy altar of Hepliaklqana.
  1779 | D:4      | Found a deep blue altar of Sif Muna.
  1851 | D:5      | Entered Level 5 of the Dungeon
  1854 | D:5      | Noticed a slave
  1854 | D:5      | Noticed a slave
  1855 | D:5      | Noticed Pikel
  1858 | D:5      | Noticed a slave
  1858 | D:5      | Noticed a centaur
  2141 | D:5      | Noticed a centaur
  2159 | D:5      | Reached skill level 6 in Poison Magic
  2159 | D:5      | Reached XP level 5. HP: 9/38 MP: 2/8
  2163 | D:5      | Slain by a centaur

Vault maps used:
D:1:      lemuel_arrival_rhombus
D:2:      grunt_temple_overflow_open, first_bread, uniq_terence
D:3:      lemuel_doored_altar
D:4:      kennysheep_mini, grunt_temple_overflow_cloverleaf,
          minmay_temple_entry_junction
D:5:      chequers_temple_overflow_minitemple, serial_shops, shop, uniq_pikel,
          uniq_crazy_yiuf_cottage
Temple:   jpeg_temple_island

Skill      XL: |  1  2  3  4 |
---------------+-------------+-----
Poison Magic   | 4 5 6 |  6.0
Dodging        | |  1.7
Stealth        | |  1.7
Spellcasting   | |  2.0
Conjurations   | |  1.0

Action                   |  1- 3 |  4- 6 || total
-------------------------+-------+-------++-------
Melee: Hand axe          |    33 |       ||    33
       Morningstar       |     8 |     2 ||    10
       Tailslap          |     2 |     6 ||     8
       Trident           |       |    34 ||    34
 Cast: Sting             |    21 |     3 ||    24
       Poisonous Vapours |    10 |     7 ||    17
Invok: Divine Protection |       |     1 ||     1
 Stab: Sleeping          |     1 |     1 ||     2
  Eat: Chunk             |     1 |     2 ||     3
       Bread ration      |       |     1 ||     1
Armor: Skin              |     6 |    10 ||    16
Dodge: Dodged            |    31 |    24 ||    55
